 Dungeon Crawl Stone Soup version 0.25.0-45-g978344163c (webtiles) character file.

Game seed: 15955158890162743715

74 Ethylacetat the Changer (level 4, -8/28 HPs)
             Began as an Octopode Transmuter on July 11, 2020.
             Mangled by Sigmund
             ... wielding a +4 vampiric scythe
              (15 damage)
             ... on level 2 of the Dungeon.
             The game lasted 00:03:50 (2470 turns).

Ethylacetat the Changer (Octopode Transmuter)       Turns: 2470, Time: 00:03:51

Health: -8/28      AC:  1    Str: 10    XL:     4   Next: 28%
Magic:  8/8        EV: 13    Int: 15    God:
Gold:   47         SH:  0    Dex: 12    Spells: 7/8 levels left

rFire    . . .     SeeInvis .     - Unarmed
rCold    . . .     Gourm    .   (no shield)
rNeg     . . .     Faith    .   (helmet restricted)
rPois    .         Spirit   .   (no amulet)
rElec    .         Reflect  .   (no ring)
rCorr    .         Harm     .   (no ring)
MR       .....                  (no ring)
Stlth    ++........             (no ring)
HPRegen  0.09/turn              (no ring)
MPRegen  0.11/turn              (no ring)
                                (no ring)
                                (no ring)

@: appendage (expiring)
A: almost no armour, stealthy swim, amphibious, 8 rings, constrict 8, tentacle
spike 3, camouflage 1, gelatinous body 1
a: End Transformation


You were on level 2 of the Dungeon.
You were not hungry.
One of your tentacles had a temporary spike.
You visited 1 branch of the dungeon, and saw 2 of its levels.

You collected 47 gold pieces.

Inventory:

Missiles
 a - 12 arrows
Scrolls
 d - 2 scrolls of identify {unknown}
Comestibles
 b - 2 chunks of flesh
 c - a ration


   Skills:
 - Level 1.0 Fighting
 - Level 2.0 Dodging
 - Level 3.0 Unarmed Combat
 + Level 2.8 Spellcasting
 * Level 3.8 Transmutations


You had 7 spell levels left.
You knew the following spells:

 Your Spells              Type           Power        Failure   Level  Hunger
a - Beastly Appendage     Tmut           ##....       4%          1    #......

Your spell library contained the following spells:

 Spells                   Type           Power        Failure   Level  Hunger
 Sticks to Snakes         Tmut           ##......     6%          2    ##.....
 Spider Form              Tmut/Pois      #.........   28%         3    ###....
 Ice Form                 Ice/Tmut       #.......     67%         4    #####..
 Blade Hands              Tmut           ##........   75%         5    ######.


Dungeon Overview and Level Annotations

Branches:
Dungeon (2/15)

Altars:

Annotations:
D:2 Sigmund


Innate Abilities, Weirdness & Mutations

You cannot wear most types of armour.
You are very stealthy in the water. (Stealth+)
You are amphibious.
You can wear up to eight rings at the same time.
You can use your tentacles to constrict eight enemies at once.
Your skin changes colour to match your surroundings (Stealth+).
Your rubbery body absorbs attacks. (AC +1, EV +1)
One of your tentacles bears a large vicious spike.


Message History

Sigmund closely misses you.
You miss Sigmund.
Sigmund is moderately wounded.
Sigmund completely misses you.
You barely miss Sigmund.
Sigmund is moderately wounded.
Sigmund mumbles some strange words.
Sigmund flickers and vanishes!
Deactivating autopickup; reactivate with Ctrl-A.
Something hits you.
You completely miss something.
You pierce something.
Your squeeze misses something.
You feel less confused. Something hits you.
* * * LOW HITPOINT WARNING * * *
You miss something.
You pierce something.
You closely miss something.
Your tentacle spike misses something.
Your squeeze misses something. Something hits you!
Ouch! That really hurt!
You die...

# # #.# # #... # ##+##
#...# # ##...## #...#
##.....## ######.####
##.......## #.........#
#......@..####...##.##.#
+.......{.'.............
#.(.......####...##.##.#
##.......## #...#..##.#
##...^.## #.#.#.###.#
##...## #.#.#.# #.#
##+## #.#.#)###.#
#.........# #####.#####


There were no monsters in sight!

Vanquished Creatures
  Robin (D:2)
  An adder (D:2)
  3 dart slugs (D:1)
  2 leopard geckos
  3 bats (D:1)
  2 giant cockroaches
  5 hobgoblins
  4 jackals (D:1)
  3 kobolds
  A quokka (D:2)
  13 goblins (D:1)
  2 rats
40 creatures vanquished.

Notes
Turn   | Place    | Note
-------+----------+-------------------------------------------
     0 | D:1      | Ethylacetat the Octopode Transmuter began the quest for the
                  | Orb.
     0 | D:1      | Reached XP level 1. HP: 13/13 MP: 3/3
    77 | D:1      | Reached XP level 2. HP: 13/18 MP: 5/5
   903 | D:1      | Reached XP level 3. HP: 23/23 MP: 6/6
  1319 | D:2      | Noticed Robin
  1605 | D:1      | HP: 1/23 [goblin[Robin] (1)]
  1928 | D:2      | Killed Robin
  2079 | D:2      | Reached XP level 4. HP: 28/28 MP: 8/8
  2449 | D:2      | Noticed Sigmund
  2470 | D:2      | Mangled by Sigmund

Illustrated notes

Levels and vault maps discovered:
D:1:      kennysheep_arrival_forest, layout_basic
D:2:      layout_loops_corners, nicolae_dithmenos_through_a_glass_darkly,
          uniq_robin, uniq_sigmund

Skill      XL: |  1  2 |
---------------+-------+-----
Transmutations | 3 |  3.8
Fighting       | |  1.0
Dodging        | |  2.0
Unarmed Combat | |  3.0
Spellcasting   | |  2.8

Action                   |  1- 3 |  4- 6 || total
-------------------------+-------+-------++-------
Melee: Unarmed           |    72 |    29 ||   101
       Constrict         |    19 |     7 ||    26
       Tentacles         |    12 |     7 ||    19
       Punch             |     1 |       ||     1
       Kick              |       |     3 ||     3
 Cast: Beastly Appendage |       |     1 ||     1
 Stab: Sleeping          |     2 |     1 ||     3
  Eat: Chunk             |     4 |     1 ||     5
Armor: Skin              |     4 |     1 ||     5
Dodge: Dodged            |    47 |    14 ||    61
